Influenza vs Gangsters
Created - February 10, 2020 at 00:47
Goals
|
Influenza |
0 |
2 |
0 |
2 |
Gangsters |
1 |
1 |
1 |
3 |
|
Shots
|
Influenza |
7 |
16 |
5 |
28 |
Gangsters |
16 |
12 |
16 |
44 |
|
1st period
1. Gangsters , Stefan Noesen 11 (Derrick Pouliot 11, Seth Griffith 22) at 5:05
Penalties :
Connor Chatam (Bro) for High sticking (Minor) at 16:39
2nd period
2. Influenza , William Nylander 6 (Roland McKeown 6, Jake Guentzel 31) at 5:04
3. Gangsters , Artem Anisimov 32 (Derrick Pouliot 12, Dave Dziurzynski 43) at 6:09
4. Influenza , Zac Dalpe 11 (Kasperi Kapanen 6, Jimmy Vesey 19) at 18:20
Penalties :
Calvin de Haan (VJB) for Hooking (Minor) at 7:16, Calvin de Haan (VJB) for Holding Stick (Minor) at 19:06
3rd period
5. Gangsters , Artem Anisimov 33 (Dave Dziurzynski 44) at 8:26
Penalties :
Brett Ponich (Bro) for Hooking (Minor) at 3:56, Andre Burakovsky (VJB) for Interference (Minor) at 8:35, Paul Ladue (VJB) for Hooking (Minor) at 13:37
Goalie Stats
Malcolm Subban (VJB), 41 saves from 44 shots - (0.932), L, 14-19-1, 60:00 minutes
Dustin Tokarski (Bro), 26 saves from 28 shots - (0.929), W, 18-13-0, 60:00 minutes
Players Stats for Influenza
Player Name G A P +/- PIM S H SB GA TA FO MP PP MP PK MP
------------------------------------------------------------------------------------
Andre Burakovsky 0 0 0 -1 2 1 4 0 0 1 1/2 21:22 1:46 3:14
Brandon Montour 0 0 0 0 0 2 1 2 1 0 0/0 22:03 1:50 4:05
Calvin de Haan 0 0 0 -1 4 1 1 6 1 0 0/0 25:03 2:08 2:24
Dmitry Sinitsyn 0 0 0 0 0 3 1 2 0 1 0/0 21:02 1:50 3:01
Iiro Pakarinen 0 0 0 -1 0 2 0 1 0 0 0/0 9:50 2:05 0:00
Jacob Josefson 0 0 0 0 0 0 0 0 0 0 2/5 11:57 0:00 0:41
Jake Guentzel 0 1 1 -1 0 5 2 1 0 0 13/26 20:11 2:05 1:42
Jeff Corbett 0 0 0 0 0 1 1 1 1 1 0/0 14:09 0:00 2:41
Jimmy Vesey 0 1 1 1 0 2 0 0 0 0 2/2 15:21 1:53 1:59
Jordan Schroeder 0 0 0 -1 0 0 0 0 0 0 3/5 10:46 0:00 1:58
Justin Bailey 0 0 0 0 0 2 1 1 1 0 1/1 12:41 1:53 0:00
Kasperi Kapanen 0 1 1 1 0 1 1 0 0 0 0/1 12:56 0:00 0:00
Lucas Lessio 0 0 0 -1 0 1 1 0 0 0 0/0 11:03 0:00 1:54
Nick Ritchie 0 0 0 0 0 3 3 0 0 0 0/0 11:16 0:00 0:00
Paul Ladue 0 0 0 -1 2 1 2 2 0 0 0/0 26:19 2:08 3:41
Roland McKeown 0 1 1 0 0 0 0 1 0 1 0/0 11:37 0:00 0:00
William Nylander 1 0 1 -1 0 2 1 0 0 0 1/3 16:38 0:19 0:00
Zac Dalpe 1 0 1 1 0 1 5 0 0 3 7/14 17:46 1:53 4:24
Players Stats for Gangsters
Player Name G A P +/- PIM S H SB GA TA FO MP PP MP PK MP
------------------------------------------------------------------------------------
Adam Lowry 0 0 0 0 0 0 1 0 0 0 2/2 8:03 0:00 0:00
Artem Anisimov 2 0 2 2 0 7 3 2 1 0 14/29 22:21 4:17 2:15
Brett Ponich 0 0 0 0 2 2 3 2 0 0 0/0 25:08 4:50 1:24
Connor Chatam 0 0 0 0 2 1 0 1 0 0 0/0 8:26 0:00 0:00
Dave Dziurzynski 0 2 2 2 0 1 1 0 0 0 2/4 21:13 4:17 1:07
Derrick Pouliot 0 2 2 2 0 4 0 2 1 0 0/0 13:15 0:00 0:00
Jacob Middleton 0 0 0 0 0 0 0 0 0 0 0/0 0:00 0:00 0:00
Jake Marchment 0 0 0 0 0 0 0 0 0 0 0/0 0:00 0:00 0:00
Jonas Brodin 0 0 0 -1 0 2 1 2 0 1 0/0 20:20 3:06 1:23
Jordan Subban 0 0 0 0 0 0 0 0 0 0 0/0 0:00 0:00 0:00
Joshua Jacobs 0 0 0 0 0 0 0 0 0 0 0/0 0:00 0:00 0:00
Julius Vahatalo 0 0 0 0 0 0 0 0 0 0 0/0 8:03 0:00 0:00
Kevin Roy 0 0 0 -1 0 5 0 0 1 0 5/9 12:09 0:00 0:00
Matt Delahey 0 0 0 0 0 2 0 2 2 2 0/0 26:25 4:50 2:35
Morgan Ellis 0 0 0 -1 0 3 2 1 0 0 0/0 21:26 3:06 1:23
Phillip Danault 0 0 0 0 0 0 1 0 0 0 0/0 16:20 3:39 0:36
Richard Panik 0 0 0 2 0 3 0 0 0 0 0/2 22:21 4:17 2:15
Ryan Culkin 0 0 0 2 0 0 0 0 0 1 0/0 13:44 0:00 1:11
Samuel Blais 0 0 0 -1 0 1 0 0 0 0 0/0 13:28 0:00 0:36
Sebastian Collberg 0 0 0 -1 0 5 1 0 1 0 0/0 12:09 0:00 0:00
Seth Griffith 0 1 1 0 0 4 1 1 0 0 6/12 15:01 3:39 0:00
Stefan Noesen 1 0 1 0 0 4 0 0 1 0 0/1 16:08 3:39 1:07
Steven Santini 0 0 0 0 0 0 0 0 0 0 0/0 0:00 0:00 0:00
3 Stars
1 - Artem Anisimov (Bro)
2 - Zac Dalpe (VJB)
3 - Dave Dziurzynski (Bro)
Power Play
Influenza - 0 on 2 Attempt(s) - 0.00%
Gangsters - 0 on 4 Attempt(s) - 0.00%
Penalty Kill
Influenza - 4 on 4 Attempt(s) - 100.00%
- Score 0 goal in Penalty Kill
Gangsters - 2 on 2 Attempt(s) - 100.00%
- Score 0 goal in Penalty Kill
Team Stat
Influenza - Hits : 24 - Faceoff Wins : 30 - Blocked Shots : 17 - Penalty Minutes : 8
Gangsters - Hits : 14 - Faceoff Wins : 29 - Blocked Shots : 13 - Penalty Minutes : 4
Official
Referees : Unknown
Linesman : Unknown
Game Notes
5:04 of 2nd period - Influenza goal is going for a video replay. After video review, Goal.
Finance
Level 1 -- Attendance: 1315 (65.75%) -- Ticket Income $52,600
Level 2 -- Attendance: 648 (64.80%) -- Ticket Income $12,960
Total Attendance: 1963 (65.43%)
Total Ticket Income: $65,560
Other Income: $3,278
Total Income: $68,838
Influenza
5 vs 5 Forward
Center Left Wing Right Wing Time % Phy DF OF
1 Jake Guentzel Andre Burakovsky William Nylander 40 1 2 2
2 Zac Dalpe Jimmy Vesey Kasperi Kapanen 30 1 2 2
3 Jacob Josefson Nick Ritchie Justin Bailey 20 1 2 2
4 Jordan Schroeder Lucas Lessio Iiro Pakarinen 10 1 2 2
5 vs 5 Defense
Defense Defense Time % Phy DF OF
1 Calvin de Haan Paul Ladue 40 1 2 2
2 Brandon Montour Dmitry Sinitsyn 30 1 2 2
3 Roland McKeown Jeff Corbett 20 1 2 2
4 Calvin de Haan Paul Ladue 10 1 2 2
PowerPlay Forward
Center Left Wing Right Wing Time % Phy DF OF
1 Jake Guentzel Andre Burakovsky Iiro Pakarinen 60 1 2 2
2 Zac Dalpe Jimmy Vesey Justin Bailey 40 1 2 2
PowerPlay Defense
Defense Defense Time % Phy DF OF
1 Calvin de Haan Paul Ladue 60 1 2 2
2 Brandon Montour Dmitry Sinitsyn 40 1 2 2
Penalty Kill 4 Players Forward
Center Wing Time % Phy DF OF
1 Zac Dalpe Andre Burakovsky 60 1 2 2
2 Jordan Schroeder Jimmy Vesey 40 1 2 2
Penalty Kill 4 Players Defense
Defense Defense Time % Phy DF OF
1 Calvin de Haan Paul Ladue 60 1 2 2
2 Brandon Montour Dmitry Sinitsyn 40 1 2 2
Penalty Kill - 3 Players Forward
Forward Time % Phy DF OF
1 Zac Dalpe 60 1 2 2
2 Jordan Schroeder 40 1 2 2
Penalty Kill - 3 Players Defense
Defense Defense Time % Phy DF OF
1 Calvin de Haan Paul Ladue 60 1 2 2
2 Brandon Montour Dmitry Sinitsyn 40 1 2 2
4 vs 4 Forward
Center Wing Time % Phy DF OF
1 Zac Dalpe Andre Burakovsky 60 1 2 2
2 Jake Guentzel Iiro Pakarinen 40 1 2 2
4 vs 4 Defense
Defense Defense Time % Phy DF OF
1 Calvin de Haan Paul Ladue 60 1 2 2
2 Brandon Montour Dmitry Sinitsyn 40 1 2 2
Last Minutes Offensive
Center Left Wing Right Wing Defense Defense
Jake Guentzel Andre Burakovsky Iiro Pakarinen Calvin de Haan Paul Ladue
Last Minutes Defensive
Center Left Wing Right Wing Defense Defense
Zac Dalpe Andre Burakovsky Iiro Pakarinen Calvin de Haan Paul Ladue
Goaltenders
Starting : Malcolm Subban
Backup : Tyson Sexsmith
Extra Forwards
Normal : Iiro Pakarinen, Justin Bailey, Andre Burakovsky - PP : William Nylander, Kasperi Kapanen - PK : Jake Guentzel
Extra Defensemen
Normal : Brandon Montour, Dmitry Sinitsyn, Calvin de Haan - PP : Dmitry Sinitsyn - PK : Brandon Montour, Calvin de Haan
Penalty Shots
Andre Burakovsky, Zac Dalpe, Jake Guentzel, Jimmy Vesey, Iiro Pakarinen
Scratches
Shane Prince (Healthy), Henri Ikonen (Healthy), Johan Larsson (Healthy), Tim Erixon (Torn Left ACL Injury), Tom Kuhnhackl (Healthy)
Mitchell Moroz (Healthy), Josh Andrerson (Healthy), Jesse Graham (Healthy), Bo Horvat (Sore Right Knee Injury), Jake Walman (Healthy)
Luca Sbisa (Healthy), Conner Bleackley (Healthy), Brycen Martin (Healthy), Jaden Lindo (Healthy), Jamie Phillips (Healthy)
Gangsters
5 vs 5 Forward
Center Left Wing Right Wing Time % Phy DF OF
1 Artem Anisimov Dave Dziurzynski Richard Panik 40 1 2 2
2 Seth Griffith Phillip Danault Stefan Noesen 30 1 2 2
3 Kevin Roy Samuel Blais Sebastian Collberg 20 1 2 2
4 Adam Lowry Julius Vahatalo Connor Chatam 10 1 2 2
5 vs 5 Defense
Defense Defense Time % Phy DF OF
1 Matt Delahey Brett Ponich 40 1 2 2
2 Morgan Ellis Jonas Brodin 30 1 2 2
3 Derrick Pouliot Ryan Culkin 20 1 2 2
4 Matt Delahey Brett Ponich 10 1 2 2
PowerPlay Forward
Center Left Wing Right Wing Time % Phy DF OF
1 Artem Anisimov Dave Dziurzynski Richard Panik 60 1 2 2
2 Seth Griffith Phillip Danault Stefan Noesen 40 1 2 2
PowerPlay Defense
Defense Defense Time % Phy DF OF
1 Matt Delahey Brett Ponich 60 1 2 2
2 Morgan Ellis Jonas Brodin 40 1 2 2
Penalty Kill 4 Players Forward
Center Wing Time % Phy DF OF
1 Artem Anisimov Richard Panik 60 1 2 2
2 Dave Dziurzynski Stefan Noesen 40 1 2 2
Penalty Kill 4 Players Defense
Defense Defense Time % Phy DF OF
1 Matt Delahey Brett Ponich 60 1 2 2
2 Morgan Ellis Jonas Brodin 40 1 2 2
Penalty Kill - 3 Players Forward
Forward Time % Phy DF OF
1 Artem Anisimov 60 1 2 2
2 Richard Panik 40 1 2 2
Penalty Kill - 3 Players Defense
Defense Defense Time % Phy DF OF
1 Matt Delahey Brett Ponich 60 1 2 2
2 Morgan Ellis Jonas Brodin 40 1 2 2
4 vs 4 Forward
Center Wing Time % Phy DF OF
1 Artem Anisimov Richard Panik 60 1 2 2
2 Dave Dziurzynski Stefan Noesen 40 1 2 2
4 vs 4 Defense
Defense Defense Time % Phy DF OF
1 Matt Delahey Brett Ponich 60 1 2 2
2 Morgan Ellis Jonas Brodin 40 1 2 2
Last Minutes Offensive
Center Left Wing Right Wing Defense Defense
Artem Anisimov Dave Dziurzynski Richard Panik Matt Delahey Brett Ponich
Last Minutes Defensive
Center Left Wing Right Wing Defense Defense
Artem Anisimov Dave Dziurzynski Richard Panik Matt Delahey Brett Ponich
Goaltenders
Starting : Dustin Tokarski
Backup : Jordan Binnington
Extra Forwards
Normal : Kevin Roy, Sebastian Collberg, Samuel Blais - PP : Kevin Roy, Sebastian Collberg - PK : Samuel Blais
Extra Defensemen
Normal : Derrick Pouliot, Ryan Culkin, Morgan Ellis - PP : Derrick Pouliot - PK : Ryan Culkin, Morgan Ellis
Penalty Shots
Artem Anisimov, Richard Panik, Dave Dziurzynski, Stefan Noesen, Seth Griffith
Scratches
David Pope (Broken Bone (Left Arm) Injury), Hugo Fagerblom (Healthy)
% Time on Ice - Influenza
Lines # - Real PCT - Wanted PCT - Time Play
Normal Forward
1 - 34% - 40% - 16:11
2 - 24% - 30% - 11:29
3 - 24% - 20% - 11:16
4 - 18% - 10% - 8:44
Normal Defense
1 - 39% - 40% - 18:38
2 - 34% - 30% - 16:24
3 - 23% - 20% - 10:55
4 - 4% - 10% - 1:43
PP Forward
1 - 53% - 60% - 2:05
2 - 47% - 40% - 1:53
PP Defense
1 - 54% - 60% - 2:08
2 - 46% - 40% - 1:50
PK Forward
1 - 79% - 60% - 6:16
2 - 21% - 40% - 1:40
PK Defense
1 - 75% - 60% - 5:58
2 - 25% - 40% - 1:58
PK3 Forward
1 - 0% - 60%
2 - 0% - 40%
PK3 Defense
1 - 0% - 60%
2 - 0% - 40%
44 Forward
1 - 0% - 60%
2 - 0% - 40%
44 Defense
1 - 0% - 60%
2 - 0% - 40%
Last Minute Offensive - 0:26
Last Minute Defensive - 0:00
Total
Forward - 60:00
Defense - 60:00
|
% Time on Ice - Gangsters
Lines # - Real PCT - Wanted PCT - Time Play
Normal Forward
1 - 33% - 40% - 15:19
2 - 25% - 30% - 11:42
3 - 25% - 20% - 11:49
4 - 17% - 10% - 8:03
Normal Defense
1 - 37% - 40% - 17:29
2 - 34% - 30% - 15:51
3 - 26% - 20% - 12:09
4 - 3% - 10% - 1:24
PP Forward
1 - 54% - 60% - 4:17
2 - 46% - 40% - 3:39
PP Defense
1 - 61% - 60% - 4:50
2 - 39% - 40% - 3:06
PK Forward
1 - 72% - 60% - 2:51
2 - 28% - 40% - 1:07
PK Defense
1 - 65% - 60% - 2:35
2 - 35% - 40% - 1:23
PK3 Forward
1 - 0% - 60%
2 - 0% - 40%
PK3 Defense
1 - 0% - 60%
2 - 0% - 40%
44 Forward
1 - 0% - 60%
2 - 0% - 40%
44 Defense
1 - 0% - 60%
2 - 0% - 40%
Last Minute Offensive - 0:00
Last Minute Defensive - 1:13
Total
Forward - 60:00
Defense - 60:00
|
Play-by-Play
1st period
0:01 of 1st period - Jake Guentzel wins face-off versus Artem Anisimov in neutral zone.
0:04 of 1st period - Slapshot by Calvin de Haan.
0:04 of 1st period - Shot Hit the Post.
0:45 of 1st period - Slapshot by Calvin de Haan.
0:45 of 1st period - Shot Misses the Net.
0:58 of 1st period - Morgan Ellis is hit by Nick Ritchie and loses puck.
1:44 of 1st period - Slapshot by Jonas Brodin.
1:44 of 1st period - Deflect By Kevin Roy.
1:44 of 1st period - Stopped by Malcolm Subban with a rebound.
1:46 of 1st period - Snap shot by Jonas Brodin.
1:46 of 1st period - Stopped by Malcolm Subban with a rebound.
1:48 of 1st period - Snap shot by Sebastian Collberg.
1:48 of 1st period - Shot Misses the Net.
1:50 of 1st period - Wrist shot by Kevin Roy.
1:50 of 1st period - Stopped by Malcolm Subban without a rebound.
1:51 of 1st period - Artem Anisimov wins face-off versus Jake Guentzel in Influenza zone.
2:00 of 1st period - Snap shot by Artem Anisimov.
2:00 of 1st period - Deflect By William Nylander.
2:00 of 1st period - Stopped by Malcolm Subban without a rebound.
2:01 of 1st period - Artem Anisimov wins face-off versus Jake Guentzel in Influenza zone.
2:14 of 1st period - Snap shot by Jeff Corbett.
2:14 of 1st period - Shot Misses the Net.
2:30 of 1st period - Jeff Corbett is hit by Artem Anisimov.
2:44 of 1st period - Wrist shot by Jake Guentzel.
2:44 of 1st period - Shot Blocked by Derrick Pouliot.
3:02 of 1st period - Wrist shot by Dave Dziurzynski.
3:02 of 1st period - Stopped by Malcolm Subban without a rebound.
3:03 of 1st period - Zac Dalpe wins face-off versus Seth Griffith in Influenza zone.
3:07 of 1st period - Off-side.
3:08 of 1st period - Seth Griffith wins face-off versus Zac Dalpe in neutral zone.
3:42 of 1st period - Slapshot by Brett Ponich.
3:42 of 1st period - Stopped by Malcolm Subban without a rebound.
3:43 of 1st period - Zac Dalpe wins face-off versus Stefan Noesen in Influenza zone.
4:36 of 1st period - Snap shot by Dave Dziurzynski.
4:36 of 1st period - Shot Blocked by Calvin de Haan.
4:59 of 1st period - Icing by Roland McKeown.
5:00 of 1st period - Seth Griffith wins face-off versus Jordan Schroeder in Influenza zone.
5:01 of 1st period - Snap shot by Stefan Noesen.
5:01 of 1st period - Stopped by Malcolm Subban with a rebound.
5:03 of 1st period - Slapshot by Derrick Pouliot.
5:03 of 1st period - Stopped by Malcolm Subban with a rebound.
5:05 of 1st period - Backhand shot by Stefan Noesen.
5:05 of 1st period - Goal by Stefan Noesen - Influenza : 0 - Gangsters : 1.
5:06 of 1st period - Seth Griffith wins face-off versus Kasperi Kapanen in neutral zone.
5:15 of 1st period - Snap shot by Seth Griffith.
5:15 of 1st period - Shot Misses the Net.
5:40 of 1st period - Wrist shot by Artem Anisimov.
5:40 of 1st period - Stopped by Malcolm Subban with a rebound.
6:51 of 1st period - Andre Burakovsky is hit by Artem Anisimov and loses puck.
6:57 of 1st period - Icing by Roland McKeown.
6:58 of 1st period - Artem Anisimov wins face-off versus Jake Guentzel in Influenza zone.
7:13 of 1st period - Dave Dziurzynski is hit by Jake Guentzel and loses puck.
7:45 of 1st period - Matt Delahey is hit by Zac Dalpe.
9:13 of 1st period - Snap shot by Julius Vahatalo.
9:13 of 1st period - Shot Misses the Net.
9:43 of 1st period - Snap shot by Artem Anisimov.
9:43 of 1st period - Stopped by Malcolm Subban with a rebound.
10:23 of 1st period - Slapshot by Lucas Lessio.
10:23 of 1st period - Shot Misses the Net.
10:33 of 1st period - Brandon Montour is hit by Seth Griffith and loses puck.
11:30 of 1st period - Wrist shot by Kevin Roy.
11:30 of 1st period - Stopped by Malcolm Subban with a rebound.
11:47 of 1st period - Seth Griffith is hit by Paul Ladue and loses puck.
11:59 of 1st period - Stefan Noesen is hit by Andre Burakovsky and loses puck.
12:21 of 1st period - Wrist shot by Jake Guentzel.
12:21 of 1st period - Shot Blocked by Artem Anisimov.
12:56 of 1st period - Slapshot by Sebastian Collberg.
12:56 of 1st period - Stopped by Malcolm Subban without a rebound.
12:57 of 1st period - Jordan Schroeder wins face-off versus Kevin Roy in Influenza zone.
13:06 of 1st period - Wrist shot by Lucas Lessio.
13:06 of 1st period - Stopped by Dustin Tokarski with a rebound.
13:08 of 1st period - Snap shot by Iiro Pakarinen.
13:08 of 1st period - Stopped by Dustin Tokarski without a rebound.
13:09 of 1st period - Justin Bailey wins face-off versus Artem Anisimov in Gangsters zone.
13:15 of 1st period - Slapshot by Nick Ritchie.
13:15 of 1st period - Shot Misses the Net.
13:21 of 1st period - Slapshot by Justin Bailey.
13:21 of 1st period - Shot Misses the Net.
13:23 of 1st period - Slapshot by Justin Bailey.
13:23 of 1st period - Stopped by Dustin Tokarski with a rebound.
13:25 of 1st period - Slapshot by Brandon Montour.
13:25 of 1st period - Stopped by Dustin Tokarski with a rebound.
14:13 of 1st period - Paul Ladue is hit by Morgan Ellis and loses puck.
14:30 of 1st period - Backhand shot by Kevin Roy.
14:30 of 1st period - Stopped by Malcolm Subban without a rebound.
14:31 of 1st period - Zac Dalpe wins face-off versus Kevin Roy in Influenza zone.
14:44 of 1st period - Slapshot by Zac Dalpe.
14:44 of 1st period - Shot Blocked by Matt Delahey.
15:15 of 1st period - Wrist shot by Jimmy Vesey.
15:15 of 1st period - Deflect By Kasperi Kapanen.
15:15 of 1st period - Stopped by Dustin Tokarski with a rebound.
15:43 of 1st period - Slapshot by Jeff Corbett.
15:43 of 1st period - Stopped by Dustin Tokarski without a rebound.
15:44 of 1st period - Artem Anisimov wins face-off versus Jake Guentzel in Gangsters zone.
16:11 of 1st period - Morgan Ellis is hit by Lucas Lessio and loses puck.
16:22 of 1st period - Wrist shot by Seth Griffith.
16:22 of 1st period - Stopped by Malcolm Subban without a rebound.
16:23 of 1st period - Adam Lowry wins face-off versus Jake Guentzel in Influenza zone.
16:39 of 1st period - Minor Penalty to Connor Chatam for High sticking.
16:40 of 1st period - Artem Anisimov wins face-off versus Jake Guentzel in Gangsters zone.
16:55 of 1st period - Wrist shot by Andre Burakovsky.
16:55 of 1st period - Deflect By Jake Guentzel.
16:55 of 1st period - Stopped by Dustin Tokarski without a rebound.
16:56 of 1st period - Jake Guentzel wins face-off versus Artem Anisimov in Gangsters zone.
16:59 of 1st period - Slapshot by Andre Burakovsky.
16:59 of 1st period - Shot Misses the Net.
17:01 of 1st period - Slapshot by Calvin de Haan.
17:01 of 1st period - Shot Misses the Net.
17:03 of 1st period - Slapshot by Paul Ladue.
17:03 of 1st period - Shot Misses the Net.
17:09 of 1st period - Snap shot by Jake Guentzel.
17:09 of 1st period - Shot Blocked by Brett Ponich.
18:22 of 1st period - Richard Panik is hit by Jake Guentzel and loses puck.
18:39 of 1st period - Penalty to Connor Chatam is over, Connor Chatam is back on ice.
18:43 of 1st period - Slapshot by Morgan Ellis.
18:43 of 1st period - Stopped by Malcolm Subban with a rebound.
18:54 of 1st period - Slapshot by Nick Ritchie.
18:54 of 1st period - Shot Misses the Net.
18:56 of 1st period - Wrist shot by Dmitry Sinitsyn.
18:56 of 1st period - Shot Blocked by Jonas Brodin.
19:24 of 1st period - Slapshot by Jonas Brodin.
19:24 of 1st period - Shot Blocked by Roland McKeown.
Goals for this period are 0 for Influenza vs 1 for Gangsters.
Shots for this period are 7 for Influenza vs 16 for Gangsters.
2nd period
0:01 of 2nd period - Jake Guentzel wins face-off versus Dave Dziurzynski in neutral zone.
0:32 of 2nd period - Slapshot by Jacob Josefson.
0:32 of 2nd period - Shot Misses the Net.
0:38 of 2nd period - Slapshot by Stefan Noesen.
0:38 of 2nd period - Stopped by Malcolm Subban with a rebound.
0:48 of 2nd period - Snap shot by Jimmy Vesey.
0:48 of 2nd period - Shot Misses the Net.
0:50 of 2nd period - Snap shot by Jeff Corbett.
0:50 of 2nd period - Shot Misses the Net.
0:52 of 2nd period - Backhand shot by Zac Dalpe.
0:52 of 2nd period - Shot Misses the Net.
1:32 of 2nd period - Slapshot by Justin Bailey.
1:32 of 2nd period - Shot Misses the Net.
2:19 of 2nd period - Snap shot by Seth Griffith.
2:19 of 2nd period - Stopped by Malcolm Subban with a rebound.
2:25 of 2nd period - Wrist shot by Zac Dalpe.
2:25 of 2nd period - Shot Blocked by Seth Griffith.
2:27 of 2nd period - Wrist shot by Jimmy Vesey.
2:27 of 2nd period - Stopped by Dustin Tokarski without a rebound.
2:28 of 2nd period - Jacob Josefson wins face-off versus Seth Griffith in Gangsters zone.
2:35 of 2nd period - Wrist shot by Jacob Josefson.
2:35 of 2nd period - Deflect By Justin Bailey.
2:35 of 2nd period - Stopped by Dustin Tokarski without a rebound.
2:36 of 2nd period - Jacob Josefson wins face-off versus Seth Griffith in Gangsters zone.
2:39 of 2nd period - Wrist shot by Justin Bailey.
2:39 of 2nd period - Shot Blocked by Derrick Pouliot.
2:47 of 2nd period - Derrick Pouliot is hit by Calvin de Haan and loses puck.
3:12 of 2nd period - Snap shot by Seth Griffith.
3:12 of 2nd period - Shot Blocked by Calvin de Haan.
3:26 of 2nd period - Slapshot by Stefan Noesen.
3:26 of 2nd period - Shot Misses the Net.
3:28 of 2nd period - Snap shot by Seth Griffith.
3:28 of 2nd period - Stopped by Malcolm Subban with a rebound.
3:30 of 2nd period - Snap shot by Derrick Pouliot.
3:30 of 2nd period - Shot Blocked by Calvin de Haan.
3:40 of 2nd period - Wrist shot by Seth Griffith.
3:40 of 2nd period - Shot Blocked by Paul Ladue.
4:12 of 2nd period - Wrist shot by Seth Griffith.
4:12 of 2nd period - Shot Misses the Net.
4:14 of 2nd period - Slapshot by Derrick Pouliot.
4:14 of 2nd period - Deflect By Seth Griffith.
4:14 of 2nd period - Shot Misses the Net.
4:14 of 2nd period - Puck is out of play.
4:15 of 2nd period - Artem Anisimov wins face-off versus Jake Guentzel in Influenza zone.
4:45 of 2nd period - Slapshot by Morgan Ellis.
4:45 of 2nd period - Stopped by Malcolm Subban with a rebound.
4:47 of 2nd period - Snap shot by Samuel Blais.
4:47 of 2nd period - Shot Misses the Net.
4:58 of 2nd period - Icing by Samuel Blais.
4:59 of 2nd period - Jordan Schroeder wins face-off versus Kevin Roy in Gangsters zone.
5:00 of 2nd period - Wrist shot by Iiro Pakarinen.
5:00 of 2nd period - Shot Misses the Net.
5:02 of 2nd period - Snap shot by Jake Guentzel.
5:02 of 2nd period - Stopped by Dustin Tokarski with a rebound.
5:04 of 2nd period - Slapshot by Roland McKeown.
5:04 of 2nd period - Deflect By William Nylander.
5:04 of 2nd period - Influenza goal is going for a video replay.
5:04 of 2nd period - The goal is good.
5:04 of 2nd period - Goal by William Nylander - Influenza : 1 - Gangsters : 1.
5:05 of 2nd period - Artem Anisimov wins face-off versus Jake Guentzel in neutral zone.
5:39 of 2nd period - Snap shot by Jimmy Vesey.
5:39 of 2nd period - Stopped by Dustin Tokarski with a rebound.
5:55 of 2nd period - Slapshot by Derrick Pouliot.
5:55 of 2nd period - Shot Blocked by Brandon Montour.
5:57 of 2nd period - Snap shot by Connor Chatam.
5:57 of 2nd period - Shot Blocked by Dmitry Sinitsyn.
5:59 of 2nd period - Wrist shot by Derrick Pouliot.
5:59 of 2nd period - Deflect By Iiro Pakarinen.
5:59 of 2nd period - Stopped by Malcolm Subban without a rebound.
6:00 of 2nd period - Dave Dziurzynski wins face-off versus William Nylander in Influenza zone.
6:05 of 2nd period - Slapshot by Artem Anisimov.
6:05 of 2nd period - Shot Misses the Net.
6:07 of 2nd period - Wrist shot by Derrick Pouliot.
6:07 of 2nd period - Shot Blocked by Jake Guentzel.
6:09 of 2nd period - Wrist shot by Artem Anisimov.
6:09 of 2nd period - Goal by Artem Anisimov - Influenza : 1 - Gangsters : 2.
6:10 of 2nd period - Jake Guentzel wins face-off versus Artem Anisimov in neutral zone.
6:10 of 2nd period - Jake Guentzel is hit by Brett Ponich.
6:42 of 2nd period - Snap shot by Nick Ritchie.
6:42 of 2nd period - Stopped by Dustin Tokarski with a rebound.
6:51 of 2nd period - Off-side.
6:52 of 2nd period - Zac Dalpe wins face-off versus Seth Griffith in neutral zone.
6:54 of 2nd period - Off-side.
6:55 of 2nd period - Seth Griffith wins face-off versus Zac Dalpe in neutral zone.
7:16 of 2nd period - Minor Penalty to Calvin de Haan for Hooking.
7:17 of 2nd period - Zac Dalpe wins face-off versus Richard Panik in Influenza zone.
7:17 of 2nd period - Zac Dalpe is hit by Dave Dziurzynski.
7:52 of 2nd period - Andre Burakovsky is hit by Brett Ponich and loses puck.
9:13 of 2nd period - Snap shot by Jimmy Vesey.
9:13 of 2nd period - Shot Misses the Net.
9:16 of 2nd period - Penalty to Calvin de Haan is over, Calvin de Haan is back on ice.
9:25 of 2nd period - Derrick Pouliot is hit by Dmitry Sinitsyn and loses puck.
9:46 of 2nd period - Lucas Lessio is hit by Adam Lowry and loses puck.
10:15 of 2nd period - Morgan Ellis is hit by Nick Ritchie.
10:37 of 2nd period - Stefan Noesen is hit by Andre Burakovsky and loses puck.
11:00 of 2nd period - Jonas Brodin is hit by Zac Dalpe and loses puck.
11:44 of 2nd period - Wrist shot by Nick Ritchie.
11:44 of 2nd period - Stopped by Dustin Tokarski with a rebound.
12:04 of 2nd period - Artem Anisimov is hit by Zac Dalpe and loses puck.
12:40 of 2nd period - Stefan Noesen is hit by Andre Burakovsky and loses puck.
12:59 of 2nd period - Samuel Blais is hit by Zac Dalpe and loses puck.
13:45 of 2nd period - Snap shot by Sebastian Collberg.
13:45 of 2nd period - Stopped by Malcolm Subban without a rebound.
13:46 of 2nd period - Kevin Roy wins face-off versus Jake Guentzel in Influenza zone.
13:57 of 2nd period - Slapshot by Dmitry Sinitsyn.
13:57 of 2nd period - Stopped by Dustin Tokarski without a rebound.
13:58 of 2nd period - William Nylander wins face-off versus Artem Anisimov in Gangsters zone.
14:01 of 2nd period - Wrist shot by Jake Guentzel.
14:01 of 2nd period - Stopped by Dustin Tokarski with a rebound.
14:03 of 2nd period - Slapshot by Dmitry Sinitsyn.
14:03 of 2nd period - Stopped by Dustin Tokarski with a rebound.
14:05 of 2nd period - Wrist shot by William Nylander.
14:05 of 2nd period - Shot Misses the Net.
14:07 of 2nd period - Snap shot by Dmitry Sinitsyn.
14:07 of 2nd period - Stopped by Dustin Tokarski without a rebound.
14:08 of 2nd period - Artem Anisimov wins face-off versus Jake Guentzel in Gangsters zone.
15:03 of 2nd period - Snap shot by Andre Burakovsky.
15:03 of 2nd period - Shot Misses the Net.
15:05 of 2nd period - Snap shot by Dmitry Sinitsyn.
15:05 of 2nd period - Shot Blocked by Matt Delahey.
15:07 of 2nd period - Slapshot by Brandon Montour.
15:07 of 2nd period - Stopped by Dustin Tokarski without a rebound.
15:08 of 2nd period - Seth Griffith wins face-off versus Zac Dalpe in Gangsters zone.
15:49 of 2nd period - Off-side.
15:50 of 2nd period - Kevin Roy wins face-off versus Jacob Josefson in neutral zone.
16:03 of 2nd period - Snap shot by Nick Ritchie.
16:03 of 2nd period - Stopped by Dustin Tokarski without a rebound.
16:04 of 2nd period - Jake Guentzel wins face-off versus Dave Dziurzynski in Gangsters zone.
16:05 of 2nd period - Snap shot by Andre Burakovsky.
16:05 of 2nd period - Stopped by Dustin Tokarski with a rebound.
16:36 of 2nd period - Slapshot by Seth Griffith.
16:36 of 2nd period - Shot Misses the Net.
16:38 of 2nd period - Wrist shot by Stefan Noesen.
16:38 of 2nd period - Stopped by Malcolm Subban with a rebound.
17:24 of 2nd period - Slapshot by Derrick Pouliot.
17:24 of 2nd period - Shot Blocked by Brandon Montour.
17:26 of 2nd period - Snap shot by Derrick Pouliot.
17:26 of 2nd period - Stopped by Malcolm Subban with a rebound.
17:36 of 2nd period - Wrist shot by Artem Anisimov.
17:36 of 2nd period - Stopped by Malcolm Subban without a rebound.
17:37 of 2nd period - Jake Guentzel wins face-off versus Artem Anisimov in Influenza zone.
17:43 of 2nd period - Off-side.
17:44 of 2nd period - Jake Guentzel wins face-off versus Artem Anisimov in neutral zone.
17:53 of 2nd period - Snap shot by Calvin de Haan.
17:53 of 2nd period - Shot Blocked by Artem Anisimov.
18:10 of 2nd period - Off-side.
18:11 of 2nd period - Jimmy Vesey wins face-off versus Seth Griffith in neutral zone.
18:14 of 2nd period - Wrist shot by Jimmy Vesey.
18:14 of 2nd period - Shot Misses the Net.
18:18 of 2nd period - Wrist shot by Kasperi Kapanen.
18:18 of 2nd period - Shot Misses the Net.
18:20 of 2nd period - Snap shot by Kasperi Kapanen.
18:20 of 2nd period - Deflect By Zac Dalpe.
18:20 of 2nd period - Goal by Zac Dalpe - Influenza : 2 - Gangsters : 2.
18:21 of 2nd period - Jake Guentzel wins face-off versus Artem Anisimov in neutral zone.
18:24 of 2nd period - Slapshot by Paul Ladue.
18:24 of 2nd period - Stopped by Dustin Tokarski without a rebound.
18:25 of 2nd period - Artem Anisimov wins face-off versus Jake Guentzel in Gangsters zone.
18:36 of 2nd period - Slapshot by Brett Ponich.
18:36 of 2nd period - Stopped by Malcolm Subban with a rebound.
18:38 of 2nd period - Backhand shot by Matt Delahey.
18:38 of 2nd period - Shot Blocked by Calvin de Haan.
18:40 of 2nd period - Slapshot by Matt Delahey.
18:40 of 2nd period - Shot Misses the Net.
18:54 of 2nd period - Snap shot by Stefan Noesen.
18:54 of 2nd period - Shot Blocked by Calvin de Haan.
18:56 of 2nd period - Wrist shot by Seth Griffith.
18:56 of 2nd period - Shot Misses the Net.
19:06 of 2nd period - Minor Penalty to Calvin de Haan for Holding Stick.
19:07 of 2nd period - Artem Anisimov wins face-off versus Zac Dalpe in Influenza zone.
19:46 of 2nd period - Slapshot by Jonas Brodin.
19:46 of 2nd period - Shot Misses the Net.
19:48 of 2nd period - Slapshot by Jonas Brodin.
19:48 of 2nd period - Stopped by Malcolm Subban with a rebound.
Goals for this period are 2 for Influenza vs 1 for Gangsters.
Shots for this period are 16 for Influenza vs 12 for Gangsters.
3rd period
0:01 of 3rd period - Zac Dalpe wins face-off versus Artem Anisimov in neutral zone.
0:04 of 3rd period - Artem Anisimov is hit by Brandon Montour and loses puck.
0:48 of 3rd period - Morgan Ellis is hit by Jeff Corbett and loses puck.
1:06 of 3rd period - Penalty to Calvin de Haan is over, Calvin de Haan is back on ice.
1:16 of 3rd period - Snap shot by Kevin Roy.
1:16 of 3rd period - Deflect By Samuel Blais.
1:16 of 3rd period - Shot Misses the Net.
1:16 of 3rd period - Puck is out of play.
1:17 of 3rd period - Kevin Roy wins face-off versus Jacob Josefson in Influenza zone.
1:28 of 3rd period - Snap shot by Sebastian Collberg.
1:28 of 3rd period - Stopped by Malcolm Subban without a rebound.
1:29 of 3rd period - Jake Guentzel wins face-off versus Artem Anisimov in Influenza zone.
2:17 of 3rd period - Slapshot by Kevin Roy.
2:17 of 3rd period - Stopped by Malcolm Subban with a rebound.
2:19 of 3rd period - Wrist shot by Samuel Blais.
2:19 of 3rd period - Shot Blocked by Justin Bailey.
2:21 of 3rd period - Slapshot by Morgan Ellis.
2:21 of 3rd period - Stopped by Malcolm Subban with a rebound.
2:23 of 3rd period - Slapshot by Jonas Brodin.
2:23 of 3rd period - Shot Blocked by Dmitry Sinitsyn.
2:32 of 3rd period - Brandon Montour is hit by Jonas Brodin and loses puck.
2:43 of 3rd period - Wrist shot by Jordan Schroeder.
2:43 of 3rd period - Shot Blocked by Connor Chatam.
3:05 of 3rd period - Calvin de Haan is hit by Artem Anisimov and loses puck.
3:10 of 3rd period - Wrist shot by Richard Panik.
3:10 of 3rd period - Shot Blocked by Calvin de Haan.
3:25 of 3rd period - Icing by William Nylander.
3:26 of 3rd period - Kevin Roy wins face-off versus Andre Burakovsky in Influenza zone.
3:31 of 3rd period - Snap shot by Sebastian Collberg.
3:31 of 3rd period - Stopped by Malcolm Subban with a rebound.
3:56 of 3rd period - Minor Penalty to Brett Ponich for Hooking.
3:57 of 3rd period - Artem Anisimov wins face-off versus Zac Dalpe in Gangsters zone.
5:51 of 3rd period - William Nylander is hit by Phillip Danault and loses puck.
5:56 of 3rd period - Penalty to Brett Ponich is over, Brett Ponich is back on ice.
6:19 of 3rd period - Off-side.
6:20 of 3rd period - Adam Lowry wins face-off versus Jordan Schroeder in neutral zone.
6:33 of 3rd period - Slapshot by Kasperi Kapanen.
6:33 of 3rd period - Shot Misses the Net.
7:09 of 3rd period - Adam Lowry is hit by Kasperi Kapanen and loses puck.
7:34 of 3rd period - Slapshot by Matt Delahey.
7:34 of 3rd period - Shot Misses the Net.
7:36 of 3rd period - Wrist shot by Adam Lowry.
7:36 of 3rd period - Shot Misses the Net.
7:38 of 3rd period - Wrist shot by Adam Lowry.
7:38 of 3rd period - Shot Misses the Net.
7:40 of 3rd period - Snap shot by Adam Lowry.
7:40 of 3rd period - Shot Misses the Net.
7:42 of 3rd period - Snap shot by Julius Vahatalo.
7:42 of 3rd period - Shot Misses the Net.
7:44 of 3rd period - Snap shot by Matt Delahey.
7:44 of 3rd period - Deflect By Dmitry Sinitsyn.
7:44 of 3rd period - Stopped by Malcolm Subban without a rebound.
7:45 of 3rd period - Andre Burakovsky wins face-off versus Artem Anisimov in Influenza zone.
7:52 of 3rd period - Wrist shot by Jake Guentzel.
7:52 of 3rd period - Stopped by Dustin Tokarski without a rebound.
7:53 of 3rd period - Jake Guentzel wins face-off versus Richard Panik in Gangsters zone.
8:00 of 3rd period - Snap shot by Calvin de Haan.
8:00 of 3rd period - Stopped by Dustin Tokarski with a rebound.
8:02 of 3rd period - Slapshot by Andre Burakovsky.
8:02 of 3rd period - Shot Misses the Net.
8:06 of 3rd period - Snap shot by Andre Burakovsky.
8:06 of 3rd period - Shot Blocked by Jonas Brodin.
8:08 of 3rd period - Snap shot by William Nylander.
8:08 of 3rd period - Stopped by Dustin Tokarski without a rebound.
8:09 of 3rd period - Seth Griffith wins face-off versus Jacob Josefson in Gangsters zone.
8:09 of 3rd period - Seth Griffith is hit by Justin Bailey.
8:20 of 3rd period - Off-side.
8:21 of 3rd period - Artem Anisimov wins face-off versus William Nylander in neutral zone.
8:26 of 3rd period - Wrist shot by Artem Anisimov.
8:26 of 3rd period - Goal by Artem Anisimov - Influenza : 2 - Gangsters : 3.
8:27 of 3rd period - Artem Anisimov wins face-off versus Jake Guentzel in neutral zone.
8:32 of 3rd period - Snap shot by Richard Panik.
8:32 of 3rd period - Deflect By Artem Anisimov.
8:32 of 3rd period - Stopped by Malcolm Subban without a rebound.
8:33 of 3rd period - Jake Guentzel wins face-off versus Artem Anisimov in Influenza zone.
8:35 of 3rd period - Minor Penalty to Andre Burakovsky for Interference.
8:36 of 3rd period - Dave Dziurzynski wins face-off versus Zac Dalpe in Influenza zone.
8:40 of 3rd period - Wrist shot by Artem Anisimov.
8:40 of 3rd period - Shot Misses the Net.
8:42 of 3rd period - Slapshot by Brett Ponich.
8:42 of 3rd period - Shot Hit the Post.
8:44 of 3rd period - Snap shot by Artem Anisimov.
8:44 of 3rd period - Shot Misses the Net.
8:46 of 3rd period - Slapshot by Richard Panik.
8:46 of 3rd period - Shot Hit the Post.
8:48 of 3rd period - Slapshot by Brett Ponich.
8:48 of 3rd period - Shot Blocked by Paul Ladue.
8:50 of 3rd period - Wrist shot by Artem Anisimov.
8:50 of 3rd period - Shot Misses the Net.
9:10 of 3rd period - Wrist shot by Stefan Noesen.
9:10 of 3rd period - Shot Misses the Net.
9:12 of 3rd period - Wrist shot by Seth Griffith.
9:12 of 3rd period - Stopped by Malcolm Subban with a rebound.
10:35 of 3rd period - Penalty to Andre Burakovsky is over, Andre Burakovsky is back on ice.
10:42 of 3rd period - Zac Dalpe is hit by Morgan Ellis and loses puck.
10:47 of 3rd period - Snap shot by Kevin Roy.
10:47 of 3rd period - Deflect By Samuel Blais.
10:47 of 3rd period - Stopped by Malcolm Subban without a rebound.
10:48 of 3rd period - Kevin Roy wins face-off versus Jake Guentzel in Influenza zone.
11:21 of 3rd period - Slapshot by Connor Chatam.
11:21 of 3rd period - Shot Blocked by Jeff Corbett.
11:23 of 3rd period - Slapshot by Derrick Pouliot.
11:23 of 3rd period - Shot Misses the Net.
11:25 of 3rd period - Slapshot by Connor Chatam.
11:25 of 3rd period - Stopped by Malcolm Subban without a rebound.
11:26 of 3rd period - Jake Guentzel wins face-off versus Artem Anisimov in Influenza zone.
11:33 of 3rd period - Morgan Ellis is hit by William Nylander and loses puck.
11:58 of 3rd period - Snap shot by Sebastian Collberg.
11:58 of 3rd period - Stopped by Malcolm Subban without a rebound.
11:59 of 3rd period - Zac Dalpe wins face-off versus Kevin Roy in Influenza zone.
12:24 of 3rd period - Matt Delahey is hit by Nick Ritchie and loses puck.
12:37 of 3rd period - Slapshot by Calvin de Haan.
12:37 of 3rd period - Shot Blocked by Brett Ponich.
12:47 of 3rd period - Slapshot by Matt Delahey.
12:47 of 3rd period - Stopped by Malcolm Subban without a rebound.
12:48 of 3rd period - Jordan Schroeder wins face-off versus Seth Griffith in Influenza zone.
13:13 of 3rd period - Kevin Roy is hit by Andre Burakovsky and loses puck.
13:20 of 3rd period - Wrist shot by Jake Guentzel.
13:20 of 3rd period - Stopped by Dustin Tokarski with a rebound.
13:34 of 3rd period - Snap shot by Richard Panik.
13:34 of 3rd period - Stopped by Malcolm Subban without a rebound.
13:35 of 3rd period - Jimmy Vesey wins face-off versus Artem Anisimov in Influenza zone.
13:37 of 3rd period - Minor Penalty to Paul Ladue for Hooking.
13:38 of 3rd period - Artem Anisimov wins face-off versus Zac Dalpe in Influenza zone.
15:37 of 3rd period - Penalty to Paul Ladue is over, Paul Ladue is back on ice.
16:30 of 3rd period - Stefan Noesen is hit by Paul Ladue and loses puck.
16:41 of 3rd period - Snap shot by Jordan Schroeder.
16:41 of 3rd period - Shot Blocked by Morgan Ellis.
16:47 of 3rd period - Wrist shot by Iiro Pakarinen.
16:47 of 3rd period - Stopped by Dustin Tokarski with a rebound.
17:40 of 3rd period - Brett Ponich is hit by Zac Dalpe and loses puck.
18:27 of 3rd period - Jeff Corbett is hit by Sebastian Collberg and loses puck.
18:52 of 3rd period - Nick Ritchie is hit by Brett Ponich and loses puck.
19:33 of 3rd period - Wrist shot by Richard Panik.
19:33 of 3rd period - Deflect By Artem Anisimov.
19:33 of 3rd period - Shot Misses the Net.
19:33 of 3rd period - Puck is out of play.
19:34 of 3rd period - Andy Murray call a timeout for Influenza.
19:34 of 3rd period - Jake Guentzel wins face-off versus Artem Anisimov in Influenza zone.
19:46 of 3rd period - Snap shot by Artem Anisimov.
19:46 of 3rd period - Shot Blocked by Iiro Pakarinen.
19:48 of 3rd period - Snap shot by Artem Anisimov.
19:48 of 3rd period - Shot Misses the Net.
19:50 of 3rd period - Slapshot by Derrick Pouliot.
19:50 of 3rd period - Deflect By Richard Panik.
19:50 of 3rd period - Stopped by Malcolm Subban with a rebound.
19:52 of 3rd period - Slapshot by Artem Anisimov.
19:52 of 3rd period - Shot Misses the Net.
19:54 of 3rd period - Wrist shot by Richard Panik.
19:54 of 3rd period - Stopped by Malcolm Subban with a rebound.
19:56 of 3rd period - Slapshot by Morgan Ellis.
19:56 of 3rd period - Shot Misses the Net.
19:58 of 3rd period - Slapshot by Derrick Pouliot.
19:58 of 3rd period - Stopped by Malcolm Subban with a rebound.
Goals for this period are 0 for Influenza vs 1 for Gangsters.
Shots for this period are 5 for Influenza vs 16 for Gangsters.
Back to the Top